 Dungeon Sprint DCSS version 0.31.0-12-g77e489cdc1 (webtiles) character file.

Game seed: 6207108099651793492

21 Minsecho the Slasher (level 2, -3/30 (36) HPs)
             Began as a Barachi Reaver on Feb 18, 2024.
             Slain by Crazy Yiuf
             ... wielding a +2 quarterstaff of chaos
              (8 damage)
             ... in the Dungeon (Sprint III: "The Ten Rune Challenge").
             The game lasted 00:00:50 (198 turns).

Minsecho the Slasher (Barachi Reaver)                Turns: 198, Time: 00:00:50

HP:   -3/30 (36)    AC:  3    Str: 13    XL:     2   Next: 87%
MP:   4/5           EV: 11    Int: 13    God:
Gold: 0             SH:  0    Dex: 10    Spells: 5/6 levels left

rFire   . . .        a - +0 falchion
rCold   . . .        (no shield)
rNeg    . . .        b - +0 leather armour
rPois   .            (no helmet)
rElec   .            (no cloak)
rCorr   .            (no gloves)
SInv    .            (no boots)
Will    .....        (no amulet) Stlth
                     (no ring)
HPRegen 0.25/turn    (no ring)
MPRegen 0.09/turn

%: no teleportation
@: berserking, heavily drained, quick
A: amphibious, slowness 1, strong legs 1, +LOS
a: Hop


You were in the Dungeon.
You visited 1 branch

Inventory:

Hand Weapons
 a - a +0 falchion (weapon)
Armour
 b - a +0 leather armour (worn)
Scrolls
 h - a scroll of blinking
Potions
 c - a potion of curing
 d - 2 potions of heal wounds
 e - a potion of haste
 f - 2 potions of magic
 i - a potion of invisibility {unknown}


   Skills:
 + Level 3.2 Fighting
 + Level 5.2 Long Blades
 + Level 1.1 Armour
 + Level 2.6 Dodging
 + Level 2.7 Spellcasting
 + Level 4.8 Conjurations


You had 5 spell levels left.
You knew the following spells:

 Your Spells              Type           Power      Damage    Failure   Level
a - Kiss of Death         Conj/Necr      28%        2d7       12%         1

Your spell library contained the following spells:

 Spells                   Type           Power      Damage    Failure   Level
 Momentum Strike          Conj/Tloc      14%        3d8       17%         2
 Hailstorm                Conj/Ice       7%         3d5       34%         3


Dungeon Overview and Level Annotations

Branches:
Dungeon (1/1)

Altars:

Annotations:
D Crazy Yiuf


Innate Abilities, Weirdness & Mutations

You are amphibious.
You cover ground slowly.
You can hop short distances.
You have an extended range of vision and can be seen from far away.


Message History

You kill the human!
You feel drained.
Your life force feels restored.
Your Fighting skill increases to level 3!
Your Long Blades skill increases to level 5!
Your Armour skill increases to level 1!
You have reached level 2!
You start resting.
Magic restored.
You start resting.
HP restored.
Crazy Yiuf the Enlightened comes into view.
He is wielding a +2 quarterstaff of chaos.
Crazy Yiuf shouts!
You see here a human corpse.
You aren't carrying any items that you can evoke.
Okay, then.
Press: ? - help, v - describe, . - travel, g - get item Item here: a human corpse.
The floor, spattered with blood.
Casting: Kiss of Death (safe; 12% risk of failure)
Confirm with . or Enter, or press ? or * to list all spells.
Aiming: Kiss of Death (safe; 12% risk of failure)
Press: ? - help, Shift-Dir - straight line, f - Crazy Yiuf
Aim: Crazy Yiuf, wielding a +2 quarterstaff of chaos and wearing a +0 cloak (100% to hit)
The negative energy hits Crazy Yiuf but does no damage.
Crazy Yiuf is drained!
Crazy Yiuf is lightly wounded.
You feel drained.
Crazy Yiuf hits you with a +2 quarterstaff of chaos!
Ouch! That really hurt!
Unknown command.
A red film seems to cover your vision as you go berserk!
You feel yourself moving faster!
You feel mighty!
Crazy Yiuf hits you with a +2 quarterstaff of chaos!
* * * LOW HITPOINT WARNING * * *
Crazy Yiuf draws strength from your wounds!
You slash Crazy Yiuf!
Crazy Yiuf is heavily wounded.
Crazy Yiuf hits you with a +2 quarterstaff of chaos!
You die...

▓...#......## #
▓..##.......# .#
▓##.##.##...# .#
##.##.###..# ..#
▓#.####.##..# ...+
▓.###..##..##
#...# ▓#.....##..#
#....#
###..##...##.....#
##..##....#@g....#
#..###..##.#.....#
#..# #..#####....#
▓▓▓▓ ▓▓▓▓ ▓▓▓▓▓


You could see Crazy Yiuf (very drained).

Vanquished Creatures
  A human (D)
  An endoplasm (D)
  3 rats (D)
5 creatures vanquished.

Notes
Turn   | Place    | Note
-------+----------+-------------------------------------------
     0 | D        | Minsecho the Barachi Reaver began the quest for the Orb.
     0 | D        | Reached XP level 1. HP: 17/17 MP: 3/3
    11 | D        | Reached skill level 4 in Long Blades
   110 | D        | Reached skill level 5 in Long Blades
   110 | D        | Reached skill level 1 in Armour
   110 | D        | Reached XP level 2. HP: 4/24 MP: 2/5
   194 | D        | Noticed Crazy Yiuf
   198 | D        | Slain by Crazy Yiuf

Illustrated notes

Levels and vault maps discovered:
D:        dungeon_sprint_mu [sprint_mu_entry_cave, sprint_mu_temple_rooms,
          sprint_mu_d1_spiders, sprint_mu_d2_genie, sprint_mu_d3_branching,
          sprint_mu_orc_legion, sprint_mu_elf_gauntlet, sprint_mu_hive_nellie,
          sprint_mu_lair_fedhas, sprint_mu_vaults_butterflies,
          sprint_mu_slime_circle, sprint_mu_shoals_archi,
          sprint_mu_snake_twists, sprint_mu_blade_basic, sprint_mu_crypt_lich,
          sprint_mu_tomb_spiral, sprint_mu_vestibule_basic,
          sprint_mu_gehenna_hellfire, sprint_mu_dis_giant,
          sprint_mu_tartarus_statrot, sprint_mu_cocytus_islands, sprint_mu_zot1]

Skill      XL: |  1 |
---------------+----+-----
Long Blades    | 5 |  5.2
Conjurations   | 4 |  4.8
Fighting       | 3 |  3.2
Armour         | 1 |  1.1
Dodging        | |  2.6
Spellcasting   | |  2.7

Action                     || total
---------------------------++-------
  Melee: Falchion          ||    40
   Cast: Kiss of Death     ||     3
    Use: Potion            ||     1
 Armour: Leather armour    ||    22
  Dodge: Dodged            ||    20
